Red Wings vs Rangers
Created - 27 décembre 2014 at 19:19
Goals
|
Red Wings |
0 |
2 |
1 |
1 |
4 |
Rangers |
1 |
2 |
0 |
0 |
3 |
|
Shots
|
Red Wings |
9 |
7 |
8 |
7 |
31 |
Rangers |
9 |
10 |
3 |
0 |
22 |
|
1st period
1. Rangers , Drew Stafford 9 (Nathan Gerbe, Matt Greene) at 10:35
Penalties :
Alexandre Burrows (NYR) for Holding (Minor) at 3:12, Drew Stafford (NYR) for Delaying the game (Minor) at 8:13, Teemu Selanne (Det) for Delaying the game (Minor) at 10:52
2nd period
2. Rangers , Valtteri Filppula 7 (Nathan Gerbe, Kimmo Timonen) at 0:58
3. Red Wings , Martin Havlat 17 (Jason Spezza) at 1:04
4. Red Wings , Michal Grosek 9 (Paul Martin, Mike Brown) at 17:31
5. Rangers , Patrice Bergeron 12 (Ryan Whitney) at 18:17 (PP)
Penalties :
Jaroslav Balastik (NYR) for Tripping (Minor) at 4:33, Teemu Selanne (Det) for Hooking (Minor) at 8:15, Sean Bergenheim (Det) for Holding (Minor) at 18:13
3rd period
6. Red Wings , Mike Richards 17 (Teemu Selanne, Sean Bergenheim) at 9:03 (PP)
Penalties :
Radek Bonk (NYR) for Hooking (Minor) at 8:29, Teemu Selanne (Det) for Holding Stick (Minor) at 9:36, Jaroslav Balastik (NYR) for Slashing (Minor) at 13:38, Radek Bonk (NYR) for Holding (Minor) at 16:00, Nathan Gerbe (NYR) for Hooking (Minor) at 18:16
Overtime #1
7. Red Wings , Jason Spezza 29 (Rick Nash) at 3:22
Penalties :
No Penalty
Goalie Stats
Scott Clemmensen (Det), 19 saves from 22 shots - (0,864), W, 4-4-0, 63:22 minutes
Henrik Lundqvist (NYR), 27 saves from 31 shots - (0,871), OTL, 12-18-5, 63:22 minutes
Players Stats for Red Wings
Player Name G A P +/- PIM S H SB GA TA FO MP PP MP PK MP
------------------------------------------------------------------------------------
Christian Backman 0 0 0 -1 0 3 2 0 0 1 0/0 18:32 5:39 0:00
Christian Laflamme 0 0 0 0 0 0 0 0 0 0 0/0 11:29 0:00 2:11
Jason Spezza 1 1 2 1 0 2 1 0 3 0 20/40 26:19 6:40 2:59
Lee Stempniak 0 0 0 0 0 1 1 0 0 0 0/0 6:28 0:06 0:00
Martin Havlat 1 0 1 0 0 2 2 0 0 0 1/1 21:01 6:40 0:00
Maxim Kondratiev 0 0 0 -1 0 0 1 2 0 1 0/0 13:08 0:00 2:11
Michal Grosek 1 0 1 0 0 1 0 0 0 0 0/1 8:01 0:06 1:14
Mike Brown 0 1 1 0 0 1 1 0 1 0 0/0 9:14 0:00 0:00
Mike Richards 1 0 1 0 0 5 0 0 0 1 8/18 19:09 5:26 1:48
Nate Thompson 0 0 0 1 0 0 0 0 0 0 3/4 5:59 0:00 0:00
Paul Martin 0 1 1 3 0 1 1 3 1 0 0/0 29:28 6:33 3:50
Richard Jackman 0 0 0 -2 0 3 1 2 0 2 0/0 22:25 5:39 0:00
Rick Nash 0 1 1 1 0 6 2 0 2 0 2/3 26:04 6:40 3:03
Robert Dome 0 0 0 0 0 0 2 0 1 0 0/0 11:13 0:00 1:21
Sean Bergenheim 0 1 1 0 2 2 1 0 1 0 0/0 18:53 5:26 1:37
Shawn Horcoff 0 0 0 -1 0 1 0 0 0 0 3/4 10:22 0:06 0:00
Shea Weber 0 0 0 3 0 2 1 2 2 0 0/0 31:42 6:33 3:50
Teemu Selanne 0 1 1 0 6 1 1 1 1 0 0/0 17:56 5:26 0:00
Players Stats for Rangers
Player Name G A P +/- PIM S H SB GA TA FO MP PP MP PK MP
------------------------------------------------------------------------------------
Alexandre Burrows 0 0 0 1 2 2 2 0 0 1 1/2 19:20 2:41 1:07
Alexei Emelin 0 0 0 0 0 0 0 0 0 0 0/0 3:44 0:17 0:00
Cam Barker 0 0 0 -2 0 1 4 2 0 0 0/0 32:24 3:43 7:20
Drew Stafford 1 0 1 1 2 4 1 0 2 0 1/1 21:37 2:41 3:17
Igor Radulov 0 0 0 0 0 0 1 0 0 0 0/0 0:30 0:00 0:21
Jaroslav Balastik 0 0 0 0 4 0 1 0 0 0 0/0 4:10 0:00 0:00
Johan Franzen 0 0 0 -1 0 1 1 0 0 1 2/3 19:52 3:03 4:06
Kimmo Timonen 0 1 1 2 0 2 0 0 0 3 0/0 21:30 2:18 5:08
Mark Fistric 0 0 0 -1 0 0 0 0 0 2 0/0 9:28 0:00 0:00
Matt Greene 0 1 1 2 0 0 2 2 0 1 0/0 21:30 2:18 5:08
Matt Read 0 0 0 0 0 1 1 0 0 0 0/0 11:30 0:17 0:00
Mike Cammalleri 0 0 0 -2 0 2 1 1 1 1 0/1 26:38 3:03 6:45
Nathan Gerbe 0 2 2 1 2 3 1 1 1 0 0/0 12:57 0:00 1:55
Patrice Bergeron 1 0 1 -2 0 2 0 0 0 2 21/41 26:48 3:03 7:09
Radek Bonk 0 0 0 0 4 0 0 1 0 1 7/16 17:52 2:41 0:00
Ryan Whitney 0 1 1 -2 0 0 0 1 0 0 0/0 29:40 3:43 7:20
Staffan Kronwall 0 0 0 -1 0 0 0 3 0 0 0/0 9:28 0:00 0:00
Valtteri Filppula 1 0 1 0 0 4 0 1 1 0 2/7 11:55 0:17 0:00
3 Stars
1 - Jason Spezza (Det)
2 - Paul Martin (Det)
3 - Matt Greene (NYR)
Power Play
Red Wings - 1 on 7 Attempt(s) - 14,29%
Rangers - 1 on 4 Attempt(s) - 25,00%
Penalty Kill
Red Wings - 3 on 4 Attempt(s) - 75,00%
- Score 0 goal in Penalty Kill
Rangers - 6 on 7 Attempt(s) - 85,71%
- Score 0 goal in Penalty Kill
Official
Referees : Ciamaga Chris and StPierre Justin
Linesman : Greg Devorski and Dan Schachte
Game Notes
No Game Note
Finance
Level 1 -- Attendance: 4222 (70,37%) -- Ticket Income 379 980 $
Level 2 -- Attendance: 3973 (79,46%) -- Ticket Income 218 515 $
Level 3 -- Attendance: 1873 (93,65%) -- Ticket Income 56 190 $
Level 4 -- Attendance: 4000 (100,00%) -- Ticket Income 80 000 $
Luxury Box -- Attendance: 713 (71,30%) -- Ticket Income 124 775 $
Game was played at the Madison Square Garden
Total Attendance: 14781 (82,12%)
Total Ticket Income: 859 460 $
Other Income: 128 919 $
Total Income: 988 379 $
Red Wings
5 vs 5 Forward
Center Left Wing Right Wing Time % Phy DF OF
1 Jason Spezza Rick Nash Martin Havlat 40 1 2 2
2 Mike Richards Sean Bergenheim Teemu Selanne 30 1 2 2
3 Shawn Horcoff Robert Dome Mike Brown 20 1 2 2
4 Nate Thompson Michal Grosek Lee Stempniak 10 1 2 2
5 vs 5 Defense
Defense Defense Time % Phy DF OF
1 Shea Weber Paul Martin 40 1 2 2
2 Maxim Kondratiev Richard Jackman 30 1 2 2
3 Christian Backman Christian Laflamme 20 1 2 2
4 Richard Jackman Shea Weber 10 1 2 2
PowerPlay Forward
Center Left Wing Right Wing Time % Phy DF OF
1 Jason Spezza Rick Nash Martin Havlat 60 1 2 2
2 Mike Richards Sean Bergenheim Teemu Selanne 40 1 2 2
PowerPlay Defense
Defense Defense Time % Phy DF OF
1 Shea Weber Paul Martin 60 1 2 2
2 Richard Jackman Christian Backman 40 1 2 2
Penalty Kill 4 Players Forward
Center Wing Time % Phy DF OF
1 Jason Spezza Rick Nash 60 1 2 2
2 Mike Richards Sean Bergenheim 40 1 2 2
Penalty Kill 4 Players Defense
Defense Defense Time % Phy DF OF
1 Shea Weber Paul Martin 60 1 2 2
2 Maxim Kondratiev Christian Laflamme 40 1 2 2
Penalty Kill - 3 Players Forward
Forward Time % Phy DF OF
1 Jason Spezza 60 1 2 2
2 Mike Richards 40 1 2 2
Penalty Kill - 3 Players Defense
Defense Defense Time % Phy DF OF
1 Shea Weber Paul Martin 60 1 2 2
2 Maxim Kondratiev Christian Laflamme 40 1 2 2
4 vs 4 Forward
Center Wing Time % Phy DF OF
1 Jason Spezza Rick Nash 60 1 2 2
2 Mike Richards Teemu Selanne 40 1 2 2
4 vs 4 Defense
Defense Defense Time % Phy DF OF
1 Shea Weber Paul Martin 60 1 2 2
2 Richard Jackman Christian Backman 40 1 2 2
Last Minutes Offensive
Center Left Wing Right Wing Defense Defense
Jason Spezza Rick Nash Martin Havlat Shea Weber Paul Martin
Last Minutes Defensive
Center Left Wing Right Wing Defense Defense
Jason Spezza Rick Nash Martin Havlat Shea Weber Paul Martin
Goaltenders
Starting : Scott Clemmensen
Backup : Jonathan Quick
Extra Forwards
Normal : Shawn Horcoff, Sean Bergenheim, Teemu Selanne - PP : Shawn Horcoff, Teemu Selanne - PK : Robert Dome
Extra Defensemen
Normal : Maxim Kondratiev, Christian Backman, Richard Jackman - PP : Maxim Kondratiev - PK : Christian Laflamme, Richard Jackman
Penalty Shots
Jason Spezza, Rick Nash, Mike Richards, Martin Havlat, Sean Bergenheim
Rangers
5 vs 5 Forward
Center Left Wing Right Wing Time % Phy DF OF
1 Patrice Bergeron Mike Cammalleri Johan Franzen 40 1 2 2
2 Radek Bonk Alexandre Burrows Drew Stafford 30 1 2 2
3 Valtteri Filppula Nathan Gerbe Matt Read 20 1 2 2
4 Patrice Bergeron Jaroslav Balastik Mike Cammalleri 10 1 2 2
5 vs 5 Defense
Defense Defense Time % Phy DF OF
1 Cam Barker Ryan Whitney 40 1 2 2
2 Kimmo Timonen Matt Greene 30 1 2 2
3 Mark Fistric Staffan Kronwall 20 1 2 2
4 Alexei Emelin Cam Barker 10 1 2 2
PowerPlay Forward
Center Left Wing Right Wing Time % Phy DF OF
1 Patrice Bergeron Mike Cammalleri Johan Franzen 60 1 2 2
2 Radek Bonk Alexandre Burrows Drew Stafford 40 1 2 2
PowerPlay Defense
Defense Defense Time % Phy DF OF
1 Cam Barker Ryan Whitney 60 1 2 2
2 Kimmo Timonen Matt Greene 40 1 2 2
Penalty Kill 4 Players Forward
Center Wing Time % Phy DF OF
1 Patrice Bergeron Mike Cammalleri 60 1 2 2
2 Johan Franzen Drew Stafford 40 1 2 2
Penalty Kill 4 Players Defense
Defense Defense Time % Phy DF OF
1 Cam Barker Ryan Whitney 60 1 2 2
2 Kimmo Timonen Matt Greene 40 1 2 2
Penalty Kill - 3 Players Forward
Forward Time % Phy DF OF
1 Patrice Bergeron 60 1 2 2
2 Mike Cammalleri 40 1 2 2
Penalty Kill - 3 Players Defense
Defense Defense Time % Phy DF OF
1 Cam Barker Ryan Whitney 60 1 2 2
2 Kimmo Timonen Matt Greene 40 1 2 2
4 vs 4 Forward
Center Wing Time % Phy DF OF
1 Patrice Bergeron Mike Cammalleri 60 1 2 2
2 Johan Franzen Drew Stafford 40 1 2 2
4 vs 4 Defense
Defense Defense Time % Phy DF OF
1 Cam Barker Ryan Whitney 60 1 2 2
2 Kimmo Timonen Matt Greene 40 1 2 2
Last Minutes Offensive
Center Left Wing Right Wing Defense Defense
Patrice Bergeron Mike Cammalleri Johan Franzen Cam Barker Ryan Whitney
Last Minutes Defensive
Center Left Wing Right Wing Defense Defense
Patrice Bergeron Mike Cammalleri Johan Franzen Cam Barker Ryan Whitney
Goaltenders
Starting : Henrik Lundqvist
Backup : Hannu Toivonen
Extra Forwards
Normal : Valtteri Filppula, Matt Read, Nathan Gerbe - PP : Valtteri Filppula, Matt Read - PK : Nathan Gerbe
Extra Defensemen
Normal : Mark Fistric, Staffan Kronwall, Alexei Emelin - PP : Mark Fistric - PK : Staffan Kronwall, Alexei Emelin
Penalty Shots
Patrice Bergeron, Mike Cammalleri, Johan Franzen, Drew Stafford, Alexandre Burrows
% Time on Ice - Red Wings
Lines # - Real PCT - Wanted PCT - Time Play
Normal Forward
1 - 37% - 40% - 15:22
2 - 27% - 30% - 11:12
3 - 22% - 20% - 9:14
4 - 14% - 10% - 5:59
Normal Defense
1 - 41% - 40% - 17:05
2 - 30% - 30% - 12:27
3 - 22% - 20% - 9:13
4 - 7% - 10% - 3:02
PP Forward
1 - 55% - 60% - 6:46
2 - 45% - 40% - 5:26
PP Defense
1 - 54% - 60% - 6:33
2 - 46% - 40% - 5:39
PK Forward
1 - 73% - 60% - 4:24
2 - 27% - 40% - 1:37
PK Defense
1 - 64% - 60% - 3:50
2 - 36% - 40% - 2:11
PK3 Forward
1 - 0% - 60%
2 - 0% - 40%
PK3 Defense
1 - 0% - 60%
2 - 0% - 40%
44 Forward
1 - 79% - 60% - 2:39
2 - 21% - 40% - 0:43
44 Defense
1 - 59% - 60% - 2:00
2 - 41% - 40% - 1:22
Last Minute Offensive - 0:00
Last Minute Defensive - 0:00
Total
Forward - 63:22
Defense - 63:22
|
% Time on Ice - Rangers
Lines # - Real PCT - Wanted PCT - Time Play
Normal Forward
1 - 31% - 40% - 13:09
2 - 35% - 30% - 14:28
3 - 24% - 20% - 10:02
4 - 10% - 10% - 4:08
Normal Defense
1 - 41% - 40% - 16:59
2 - 30% - 30% - 12:36
3 - 23% - 20% - 9:28
4 - 7% - 10% - 2:44
PP Forward
1 - 55% - 60% - 3:20
2 - 45% - 40% - 2:41
PP Defense
1 - 62% - 60% - 3:43
2 - 38% - 40% - 2:18
PK Forward
1 - 66% - 60% - 8:06
2 - 34% - 40% - 4:06
PK Defense
1 - 58% - 60% - 7:04
2 - 42% - 40% - 5:08
PK3 Forward
1 - 100% - 60% - 0:16
2 - 0% - 40% - 0:00
PK3 Defense
1 - 100% - 60% - 0:16
2 - 0% - 40% - 0:00
44 Forward
1 - 80% - 60% - 2:29
2 - 20% - 40% - 0:37
44 Defense
1 - 53% - 60% - 1:38
2 - 47% - 40% - 1:28
Last Minute Offensive - 0:00
Last Minute Defensive - 0:00
Total
Forward - 63:22
Defense - 63:22
|
Play by Play
1st period
0:01 of 1st period - Jason Spezza wins face-off versus Patrice Bergeron in neutral zone.
0:16 of 1st period - Slapshot by Johan Franzen.
0:16 of 1st period - Stopped by Scott Clemmensen without a rebound.
0:17 of 1st period - Radek Bonk wins face-off versus Mike Richards in Red Wings zone.
0:18 of 1st period - Wrist shot by Drew Stafford.
0:18 of 1st period - Stopped by Scott Clemmensen without a rebound.
0:19 of 1st period - Radek Bonk wins face-off versus Mike Richards in Red Wings zone.
2:18 of 1st period - Snap shot by Paul Martin.
2:18 of 1st period - Shot Misses the Net.
2:34 of 1st period - Cam Barker is hit by Rick Nash and loses puck.
2:53 of 1st period - Snap shot by Sean Bergenheim.
2:53 of 1st period - Stopped by Henrik Lundqvist with a rebound.
2:55 of 1st period - Snap shot by Sean Bergenheim.
2:55 of 1st period - Shot Blocked by Ryan Whitney.
2:57 of 1st period - Slapshot by Richard Jackman.
2:57 of 1st period - Shot Blocked by Cam Barker.
2:59 of 1st period - Slapshot by Richard Jackman.
2:59 of 1st period - Stopped by Henrik Lundqvist without a rebound.
3:00 of 1st period - Jason Spezza wins face-off versus Alexandre Burrows in Rangers zone.
3:01 of 1st period - Wrist shot by Rick Nash.
3:01 of 1st period - Stopped by Henrik Lundqvist without a rebound.
3:02 of 1st period - Jason Spezza wins face-off versus Radek Bonk in Rangers zone.
3:05 of 1st period - Slapshot by Jason Spezza.
3:05 of 1st period - Stopped by Henrik Lundqvist with a rebound.
3:12 of 1st period - Minor Penalty to Alexandre Burrows for Holding.
3:13 of 1st period - Patrice Bergeron wins face-off versus Jason Spezza in Rangers zone.
4:15 of 1st period - Mike Cammalleri is hit by Teemu Selanne and loses puck.
5:04 of 1st period - Teemu Selanne is hit by Igor Radulov and loses puck.
5:12 of 1st period - Penalty to Alexandre Burrows is over, Alexandre Burrows is back on ice.
5:21 of 1st period - Snap shot by Nathan Gerbe.
5:21 of 1st period - Shot Misses the Net.
5:24 of 1st period - Icing by Shawn Horcoff.
5:25 of 1st period - Shawn Horcoff wins face-off versus Radek Bonk in Red Wings zone.
5:46 of 1st period - Snap shot by Mike Brown.
5:46 of 1st period - Shot Misses the Net.
5:48 of 1st period - Slapshot by Richard Jackman.
5:48 of 1st period - Stopped by Henrik Lundqvist with a rebound.
5:50 of 1st period - Snap shot by Shawn Horcoff.
5:50 of 1st period - Shot Misses the Net.
6:10 of 1st period - Snap shot by Mike Brown.
6:10 of 1st period - Shot Blocked by Mike Cammalleri.
6:12 of 1st period - Slapshot by Richard Jackman.
6:12 of 1st period - Shot Blocked by Staffan Kronwall.
6:47 of 1st period - Wrist shot by Shawn Horcoff.
6:47 of 1st period - Shot Misses the Net.
6:49 of 1st period - Slapshot by Christian Backman.
6:49 of 1st period - Deflect By Mark Fistric.
6:49 of 1st period - Stopped by Henrik Lundqvist with a rebound.
6:51 of 1st period - Slapshot by Christian Backman.
6:51 of 1st period - Stopped by Henrik Lundqvist without a rebound.
6:52 of 1st period - Radek Bonk wins face-off versus Jason Spezza in Rangers zone.
7:46 of 1st period - Icing by Paul Martin.
7:47 of 1st period - Valtteri Filppula wins face-off versus Michal Grosek in Red Wings zone.
7:50 of 1st period - Snap shot by Drew Stafford.
7:50 of 1st period - Stopped by Scott Clemmensen without a rebound.
7:51 of 1st period - Jason Spezza wins face-off versus Radek Bonk in Red Wings zone.
7:56 of 1st period - Drew Stafford is hit by Christian Backman and loses puck.
8:13 of 1st period - Minor Penalty to Drew Stafford for Delaying the game.
8:14 of 1st period - Patrice Bergeron wins face-off versus Jason Spezza in Rangers zone.
8:43 of 1st period - Shea Weber is hit by Johan Franzen and loses puck.
10:13 of 1st period - Penalty to Drew Stafford is over, Drew Stafford is back on ice.
10:20 of 1st period - Michal Grosek is hit by Alexandre Burrows and loses puck.
10:31 of 1st period - Backhand shot by Nathan Gerbe.
10:31 of 1st period - Stopped by Scott Clemmensen with a rebound.
10:33 of 1st period - Wrist shot by Drew Stafford.
10:33 of 1st period - Shot Blocked by Richard Jackman.
10:35 of 1st period - Slapshot by Drew Stafford.
10:35 of 1st period - Goal by Drew Stafford - Red Wings : 0 - Rangers : 1.
10:36 of 1st period - Johan Franzen wins face-off versus Mike Richards in neutral zone.
10:52 of 1st period - Minor Penalty to Teemu Selanne for Delaying the game.
10:53 of 1st period - Rick Nash wins face-off versus Patrice Bergeron in Red Wings zone.
12:17 of 1st period - Johan Franzen is hit by Robert Dome and loses puck.
12:52 of 1st period - Penalty to Teemu Selanne is over, Teemu Selanne is back on ice.
12:56 of 1st period - Wrist shot by Matt Read.
12:56 of 1st period - Shot Blocked by Shea Weber.
13:00 of 1st period - Snap shot by Valtteri Filppula.
13:00 of 1st period - Deflect By Matt Read.
13:00 of 1st period - Shot Misses the Net.
13:00 of 1st period - Puck is out of play.
13:01 of 1st period - Nate Thompson wins face-off versus Valtteri Filppula in Red Wings zone.
13:30 of 1st period - Teemu Selanne is hit by Jaroslav Balastik and loses puck.
13:43 of 1st period - Kimmo Timonen is hit by Jason Spezza and loses puck.
14:19 of 1st period - Slapshot by Richard Jackman.
14:19 of 1st period - Deflect By Nate Thompson.
14:19 of 1st period - Shot Misses the Net.
14:19 of 1st period - Puck is out of play.
14:20 of 1st period - Nate Thompson wins face-off versus Patrice Bergeron in Rangers zone.
14:29 of 1st period - Slapshot by Lee Stempniak.
14:29 of 1st period - Shot Misses the Net.
14:31 of 1st period - Slapshot by Shea Weber.
14:31 of 1st period - Shot Misses the Net.
14:33 of 1st period - Slapshot by Shea Weber.
14:33 of 1st period - Stopped by Henrik Lundqvist without a rebound.
14:34 of 1st period - Jason Spezza wins face-off versus Radek Bonk in Rangers zone.
14:37 of 1st period - Snap shot by Rick Nash.
14:37 of 1st period - Stopped by Henrik Lundqvist with a rebound.
14:39 of 1st period - Slapshot by Rick Nash.
14:39 of 1st period - Shot Misses the Net.
14:41 of 1st period - Snap shot by Jason Spezza.
14:41 of 1st period - Shot Misses the Net.
15:22 of 1st period - Snap shot by Nate Thompson.
15:22 of 1st period - Shot Misses the Net.
15:51 of 1st period - Slapshot by Paul Martin.
15:51 of 1st period - Shot Misses the Net.
16:11 of 1st period - Wrist shot by Nathan Gerbe.
16:11 of 1st period - Shot Blocked by Shea Weber.
16:13 of 1st period - Slapshot by Cam Barker.
16:13 of 1st period - Shot Blocked by Paul Martin.
16:26 of 1st period - Wrist shot by Valtteri Filppula.
16:26 of 1st period - Stopped by Scott Clemmensen with a rebound.
16:40 of 1st period - Wrist shot by Valtteri Filppula.
16:40 of 1st period - Stopped by Scott Clemmensen without a rebound.
16:41 of 1st period - Patrice Bergeron wins face-off versus Mike Richards in Red Wings zone.
16:44 of 1st period - Snap shot by Mike Cammalleri.
16:44 of 1st period - Stopped by Scott Clemmensen without a rebound.
16:45 of 1st period - Patrice Bergeron wins face-off versus Mike Richards in Red Wings zone.
16:52 of 1st period - Backhand shot by Mike Cammalleri.
16:52 of 1st period - Stopped by Scott Clemmensen with a rebound.
17:52 of 1st period - Icing by Nate Thompson.
17:53 of 1st period - Alexandre Burrows wins face-off versus Mike Richards in Red Wings zone.
17:56 of 1st period - Wrist shot by Alexandre Burrows.
17:56 of 1st period - Deflect By Radek Bonk.
17:56 of 1st period - Shot Misses the Net.
17:56 of 1st period - Puck is out of play.
17:57 of 1st period - Drew Stafford wins face-off versus Mike Richards in Red Wings zone.
18:30 of 1st period - Jason Spezza is hit by Mike Cammalleri and loses puck.
18:51 of 1st period - Nathan Gerbe is hit by Mike Brown and loses puck.
19:01 of 1st period - Icing by Matt Read.
19:02 of 1st period - Radek Bonk wins face-off versus Nate Thompson in Rangers zone.
Goals for this period are 0 for Red Wings vs 1 for Rangers.
Shots for this period are 9 for Red Wings vs 9 for Rangers.
2nd period
0:01 of 2nd period - Patrice Bergeron wins face-off versus Jason Spezza in neutral zone.
0:40 of 2nd period - Wrist shot by Alexandre Burrows.
0:40 of 2nd period - Stopped by Scott Clemmensen with a rebound.
0:42 of 2nd period - Backhand shot by Kimmo Timonen.
0:42 of 2nd period - Stopped by Scott Clemmensen without a rebound.
0:43 of 2nd period - Jason Spezza wins face-off versus Valtteri Filppula in Red Wings zone.
0:50 of 2nd period - Snap shot by Matt Read.
0:50 of 2nd period - Stopped by Scott Clemmensen with a rebound.
0:52 of 2nd period - Backhand shot by Matt Read.
0:52 of 2nd period - Shot Misses the Net.
0:54 of 2nd period - Slapshot by Kimmo Timonen.
0:54 of 2nd period - Deflect By Nathan Gerbe.
0:54 of 2nd period - Stopped by Scott Clemmensen with a rebound.
0:56 of 2nd period - Slapshot by Nathan Gerbe.
0:56 of 2nd period - Stopped by Scott Clemmensen with a rebound.
0:58 of 2nd period - Slapshot by Valtteri Filppula.
0:58 of 2nd period - Goal by Valtteri Filppula - Red Wings : 0 - Rangers : 2.
0:59 of 2nd period - Jason Spezza wins face-off versus Mike Cammalleri in neutral zone.
1:04 of 2nd period - Slapshot by Martin Havlat.
1:04 of 2nd period - Goal by Martin Havlat - Red Wings : 1 - Rangers : 2.
1:05 of 2nd period - Patrice Bergeron wins face-off versus Jason Spezza in neutral zone.
1:14 of 2nd period - Snap shot by Mike Cammalleri.
1:14 of 2nd period - Shot Blocked by Paul Martin.
2:29 of 2nd period - Slapshot by Valtteri Filppula.
2:29 of 2nd period - Stopped by Scott Clemmensen without a rebound.
2:30 of 2nd period - Shawn Horcoff wins face-off versus Valtteri Filppula in Red Wings zone.
2:35 of 2nd period - Slapshot by Richard Jackman.
2:35 of 2nd period - Shot Blocked by Cam Barker.
3:36 of 2nd period - Staffan Kronwall is hit by Robert Dome and loses puck.
3:43 of 2nd period - Slapshot by Robert Dome.
3:43 of 2nd period - Shot Blocked by Staffan Kronwall.
4:33 of 2nd period - Minor Penalty to Jaroslav Balastik for Tripping.
4:34 of 2nd period - Jason Spezza wins face-off versus Patrice Bergeron in Rangers zone.
5:57 of 2nd period - Icing by Martin Havlat.
5:58 of 2nd period - Jason Spezza wins face-off versus Patrice Bergeron in Red Wings zone.
6:33 of 2nd period - Penalty to Jaroslav Balastik is over, Jaroslav Balastik is back on ice.
7:14 of 2nd period - Radek Bonk is hit by Christian Backman and loses puck.
7:21 of 2nd period - Wrist shot by Shawn Horcoff.
7:21 of 2nd period - Deflect By Mike Brown.
7:21 of 2nd period - Stopped by Henrik Lundqvist without a rebound.
7:22 of 2nd period - Mike Richards wins face-off versus Radek Bonk in Rangers zone.
7:23 of 2nd period - Wrist shot by Teemu Selanne.
7:23 of 2nd period - Shot Misses the Net.
7:31 of 2nd period - Wrist shot by Teemu Selanne.
7:31 of 2nd period - Shot Misses the Net.
7:33 of 2nd period - Snap shot by Maxim Kondratiev.
7:33 of 2nd period - Shot Misses the Net.
7:35 of 2nd period - Slapshot by Richard Jackman.
7:35 of 2nd period - Stopped by Henrik Lundqvist without a rebound.
7:36 of 2nd period - Patrice Bergeron wins face-off versus Jason Spezza in Rangers zone.
8:12 of 2nd period - Slapshot by Shea Weber.
8:12 of 2nd period - Shot Misses the Net.
8:14 of 2nd period - Snap shot by Sean Bergenheim.
8:14 of 2nd period - Shot Blocked by Matt Greene.
8:15 of 2nd period - Minor Penalty to Teemu Selanne for Hooking.
8:16 of 2nd period - Jason Spezza wins face-off versus Patrice Bergeron in Red Wings zone.
10:13 of 2nd period - Paul Martin is hit by Matt Greene.
10:15 of 2nd period - Penalty to Teemu Selanne is over, Teemu Selanne is back on ice.
10:43 of 2nd period - Wrist shot by Mike Richards.
10:43 of 2nd period - Shot Misses the Net.
12:20 of 2nd period - Radek Bonk is hit by Maxim Kondratiev and loses puck.
12:31 of 2nd period - Shawn Horcoff is hit by Cam Barker and loses puck.
12:54 of 2nd period - Slapshot by Richard Jackman.
12:54 of 2nd period - Shot Blocked by Staffan Kronwall.
13:47 of 2nd period - Slapshot by Christian Backman.
13:47 of 2nd period - Stopped by Henrik Lundqvist without a rebound.
13:48 of 2nd period - Nate Thompson wins face-off versus Radek Bonk in Rangers zone.
13:49 of 2nd period - Wrist shot by Lee Stempniak.
13:49 of 2nd period - Stopped by Henrik Lundqvist without a rebound.
13:50 of 2nd period - Radek Bonk wins face-off versus Jason Spezza in Rangers zone.
14:50 of 2nd period - Slapshot by Shea Weber.
14:50 of 2nd period - Stopped by Henrik Lundqvist without a rebound.
14:51 of 2nd period - Radek Bonk wins face-off versus Jason Spezza in Rangers zone.
15:02 of 2nd period - Snap shot by Alexandre Burrows.
15:02 of 2nd period - Shot Blocked by Maxim Kondratiev.
15:04 of 2nd period - Snap shot by Alexandre Burrows.
15:04 of 2nd period - Deflect By Drew Stafford.
15:04 of 2nd period - Shot Misses the Net.
15:04 of 2nd period - Puck is out of play.
15:05 of 2nd period - Jason Spezza wins face-off versus Patrice Bergeron in Red Wings zone.
15:38 of 2nd period - Snap shot by Sean Bergenheim.
15:38 of 2nd period - Shot Misses the Net.
15:40 of 2nd period - Snap shot by Mike Richards.
15:40 of 2nd period - Shot Misses the Net.
17:03 of 2nd period - Slapshot by Drew Stafford.
17:03 of 2nd period - Shot Misses the Net.
17:29 of 2nd period - Slapshot by Paul Martin.
17:29 of 2nd period - Shot Blocked by Nathan Gerbe.
17:31 of 2nd period - Wrist shot by Michal Grosek.
17:31 of 2nd period - Goal by Michal Grosek - Red Wings : 2 - Rangers : 2.
17:32 of 2nd period - Patrice Bergeron wins face-off versus Rick Nash in neutral zone.
17:57 of 2nd period - Cam Barker is hit by Sean Bergenheim and loses puck.
18:13 of 2nd period - Minor Penalty to Sean Bergenheim for Holding.
18:14 of 2nd period - Patrice Bergeron wins face-off versus Jason Spezza in Red Wings zone.
18:17 of 2nd period - Wrist shot by Patrice Bergeron.
18:17 of 2nd period - Goal by Patrice Bergeron - Red Wings : 2 - Rangers : 3.
18:18 of 2nd period - Patrice Bergeron wins face-off versus Jason Spezza in neutral zone.
18:34 of 2nd period - Icing by Ryan Whitney.
18:35 of 2nd period - Patrice Bergeron wins face-off versus Mike Richards in Rangers zone.
18:40 of 2nd period - Snap shot by Patrice Bergeron.
18:40 of 2nd period - Deflect By Mike Cammalleri.
18:40 of 2nd period - Shot Misses the Net.
18:40 of 2nd period - Puck is out of play.
18:41 of 2nd period - Patrice Bergeron wins face-off versus Mike Richards in Red Wings zone.
18:42 of 2nd period - Snap shot by Johan Franzen.
18:42 of 2nd period - Shot Misses the Net.
18:44 of 2nd period - Slapshot by Cam Barker.
18:44 of 2nd period - Stopped by Scott Clemmensen without a rebound.
18:45 of 2nd period - Mike Richards wins face-off versus Patrice Bergeron in Red Wings zone.
18:45 of 2nd period - Mike Richards is hit by Cam Barker.
19:22 of 2nd period - Off-side.
19:23 of 2nd period - Radek Bonk wins face-off versus Jason Spezza in neutral zone.
19:26 of 2nd period - Richard Jackman is hit by Alexandre Burrows and loses puck.
19:31 of 2nd period - Snap shot by Alexandre Burrows.
19:31 of 2nd period - Stopped by Scott Clemmensen with a rebound.
19:33 of 2nd period - Slapshot by Kimmo Timonen.
19:33 of 2nd period - Shot Misses the Net.
19:35 of 2nd period - Wrist shot by Alexandre Burrows.
19:35 of 2nd period - Deflect By Drew Stafford.
19:35 of 2nd period - Shot Blocked by Richard Jackman.
19:35 of 2nd period - Puck is out of play.
19:36 of 2nd period - Jason Spezza wins face-off versus Radek Bonk in Red Wings zone.
Goals for this period are 2 for Red Wings vs 2 for Rangers.
Shots for this period are 7 for Red Wings vs 10 for Rangers.
3rd period
0:01 of 3rd period - Patrice Bergeron wins face-off versus Jason Spezza in neutral zone.
0:24 of 3rd period - Icing by Drew Stafford.
0:25 of 3rd period - Mike Richards wins face-off versus Radek Bonk in Rangers zone.
0:51 of 3rd period - Alexandre Burrows is hit by Richard Jackman and loses puck.
1:10 of 3rd period - Paul Martin is hit by Cam Barker and loses puck.
1:36 of 3rd period - Wrist shot by Mike Richards.
1:36 of 3rd period - Stopped by Henrik Lundqvist without a rebound.
1:37 of 3rd period - Mike Richards wins face-off versus Patrice Bergeron in Rangers zone.
1:44 of 3rd period - Off-side.
1:45 of 3rd period - Jason Spezza wins face-off versus Patrice Bergeron in neutral zone.
1:52 of 3rd period - Snap shot by Patrice Bergeron.
1:52 of 3rd period - Shot Misses the Net.
1:54 of 3rd period - Slapshot by Kimmo Timonen.
1:54 of 3rd period - Stopped by Scott Clemmensen without a rebound.
1:55 of 3rd period - Martin Havlat wins face-off versus Patrice Bergeron in Red Wings zone.
2:02 of 3rd period - Johan Franzen is hit by Rick Nash and loses puck.
2:29 of 3rd period - Snap shot by Mike Richards.
2:29 of 3rd period - Shot Misses the Net.
3:12 of 3rd period - Shea Weber is hit by Matt Greene and loses puck.
3:27 of 3rd period - Snap shot by Rick Nash.
3:27 of 3rd period - Stopped by Henrik Lundqvist without a rebound.
3:28 of 3rd period - Jason Spezza wins face-off versus Radek Bonk in Rangers zone.
3:49 of 3rd period - Alexandre Burrows is hit by Martin Havlat and loses puck.
4:08 of 3rd period - Wrist shot by Martin Havlat.
4:08 of 3rd period - Stopped by Henrik Lundqvist with a rebound.
4:45 of 3rd period - Slapshot by Drew Stafford.
4:45 of 3rd period - Stopped by Scott Clemmensen without a rebound.
4:46 of 3rd period - Mike Richards wins face-off versus Patrice Bergeron in Red Wings zone.
5:01 of 3rd period - Wrist shot by Mike Richards.
5:01 of 3rd period - Stopped by Henrik Lundqvist without a rebound.
5:02 of 3rd period - Shawn Horcoff wins face-off versus Patrice Bergeron in Rangers zone.
5:13 of 3rd period - Snap shot by Shawn Horcoff.
5:13 of 3rd period - Stopped by Henrik Lundqvist without a rebound.
5:14 of 3rd period - Mike Richards wins face-off versus Patrice Bergeron in Rangers zone.
5:41 of 3rd period - Richard Jackman is hit by Matt Read and loses puck.
6:20 of 3rd period - Richard Jackman is hit by Drew Stafford and loses puck.
6:27 of 3rd period - Cam Barker is hit by Martin Havlat and loses puck.
7:04 of 3rd period - Snap shot by Paul Martin.
7:04 of 3rd period - Stopped by Henrik Lundqvist without a rebound.
7:05 of 3rd period - Patrice Bergeron wins face-off versus Jason Spezza in Rangers zone.
7:18 of 3rd period - Off-side.
7:19 of 3rd period - Jason Spezza wins face-off versus Valtteri Filppula in neutral zone.
7:52 of 3rd period - Slapshot by Patrice Bergeron.
7:52 of 3rd period - Shot Misses the Net.
7:54 of 3rd period - Slapshot by Mark Fistric.
7:54 of 3rd period - Shot Blocked by Teemu Selanne.
8:20 of 3rd period - Alexandre Burrows is hit by Paul Martin and loses puck.
8:29 of 3rd period - Minor Penalty to Radek Bonk for Hooking.
8:30 of 3rd period - Patrice Bergeron wins face-off versus Jason Spezza in Rangers zone.
9:03 of 3rd period - Snap shot by Mike Richards.
9:03 of 3rd period - Goal by Mike Richards - Red Wings : 3 - Rangers : 3.
9:04 of 3rd period - Rick Nash wins face-off versus Patrice Bergeron in neutral zone.
9:14 of 3rd period - Slapshot by Ryan Whitney.
9:14 of 3rd period - Shot Misses the Net.
9:16 of 3rd period - Slapshot by Cam Barker.
9:16 of 3rd period - Shot Blocked by Maxim Kondratiev.
9:36 of 3rd period - Minor Penalty to Teemu Selanne for Holding Stick.
9:37 of 3rd period - Patrice Bergeron wins face-off versus Jason Spezza in Red Wings zone.
11:36 of 3rd period - Penalty to Teemu Selanne is over, Teemu Selanne is back on ice.
12:21 of 3rd period - Matt Read is hit by Lee Stempniak and loses puck.
13:38 of 3rd period - Minor Penalty to Jaroslav Balastik for Slashing.
13:39 of 3rd period - Patrice Bergeron wins face-off versus Jason Spezza in Rangers zone.
14:13 of 3rd period - Wrist shot by Drew Stafford.
14:13 of 3rd period - Shot Blocked by Paul Martin.
14:22 of 3rd period - Icing by Jason Spezza.
14:23 of 3rd period - Jason Spezza wins face-off versus Patrice Bergeron in Red Wings zone.
14:23 of 3rd period - Jason Spezza is hit by Cam Barker.
15:38 of 3rd period - Penalty to Jaroslav Balastik is over, Jaroslav Balastik is back on ice.
15:52 of 3rd period - Wrist shot by Shawn Horcoff.
15:52 of 3rd period - Shot Blocked by Radek Bonk.
15:54 of 3rd period - Wrist shot by Shawn Horcoff.
15:54 of 3rd period - Shot Misses the Net.
16:00 of 3rd period - Minor Penalty to Radek Bonk for Holding.
16:01 of 3rd period - Patrice Bergeron wins face-off versus Mike Richards in Rangers zone.
16:32 of 3rd period - Snap shot by Rick Nash.
16:32 of 3rd period - Stopped by Henrik Lundqvist without a rebound.
16:33 of 3rd period - Johan Franzen wins face-off versus Jason Spezza in Rangers zone.
18:00 of 3rd period - Penalty to Radek Bonk is over, Radek Bonk is back on ice.
18:02 of 3rd period - Icing by Paul Martin.
18:03 of 3rd period - Jason Spezza wins face-off versus Valtteri Filppula in Red Wings zone.
18:03 of 3rd period - Jason Spezza is hit by Nathan Gerbe.
18:16 of 3rd period - Minor Penalty to Nathan Gerbe for Hooking.
18:17 of 3rd period - Patrice Bergeron wins face-off versus Jason Spezza in Rangers zone.
18:28 of 3rd period - Snap shot by Patrice Bergeron.
18:28 of 3rd period - Stopped by Scott Clemmensen with a rebound.
18:59 of 3rd period - Off-side.
19:00 of 3rd period - Mike Richards wins face-off versus Patrice Bergeron in neutral zone.
Goals for this period are 1 for Red Wings vs 0 for Rangers.
Shots for this period are 8 for Red Wings vs 3 for Rangers.
Overtime #1
0:01 of 1st overtime period - Jason Spezza wins face-off versus Patrice Bergeron in neutral zone.
0:16 of 1st overtime period - Penalty to Nathan Gerbe is over, Nathan Gerbe is back on ice.
0:38 of 1st overtime period - Slapshot by Patrice Bergeron.
0:38 of 1st overtime period - Deflect By Sean Bergenheim.
0:38 of 1st overtime period - Shot Misses the Net.
0:38 of 1st overtime period - Puck is out of play.
0:39 of 1st overtime period - Valtteri Filppula wins face-off versus Shawn Horcoff in Red Wings zone.
1:38 of 1st overtime period - Snap shot by Mike Richards.
1:38 of 1st overtime period - Stopped by Henrik Lundqvist with a rebound.
1:55 of 1st overtime period - Cam Barker is hit by Shea Weber and loses puck.
2:17 of 1st overtime period - Wrist shot by Shawn Horcoff.
2:17 of 1st overtime period - Shot Blocked by Valtteri Filppula.
2:19 of 1st overtime period - Slapshot by Paul Martin.
2:19 of 1st overtime period - Shot Misses the Net.
2:21 of 1st overtime period - Snap shot by Sean Bergenheim.
2:21 of 1st overtime period - Stopped by Henrik Lundqvist without a rebound.
2:22 of 1st overtime period - Patrice Bergeron wins face-off versus Jason Spezza in Rangers zone.
2:42 of 1st overtime period - Snap shot by Teemu Selanne.
2:42 of 1st overtime period - Stopped by Henrik Lundqvist without a rebound.
2:43 of 1st overtime period - Mike Richards wins face-off versus Johan Franzen in Rangers zone.
2:52 of 1st overtime period - Wrist shot by Mike Richards.
2:52 of 1st overtime period - Stopped by Henrik Lundqvist without a rebound.
2:53 of 1st overtime period - Patrice Bergeron wins face-off versus Jason Spezza in Rangers zone.
2:55 of 1st overtime period - Icing by Matt Greene.
2:56 of 1st overtime period - Jason Spezza wins face-off versus Patrice Bergeron in Rangers zone.
3:06 of 1st overtime period - Snap shot by Rick Nash.
3:06 of 1st overtime period - Stopped by Henrik Lundqvist with a rebound.
3:08 of 1st overtime period - Slapshot by Paul Martin.
3:08 of 1st overtime period - Deflect By Jason Spezza.
3:08 of 1st overtime period - Shot Blocked by Matt Greene.
3:08 of 1st overtime period - Puck is out of play.
3:09 of 1st overtime period - Jason Spezza wins face-off versus Patrice Bergeron in Rangers zone.
3:20 of 1st overtime period - Snap shot by Rick Nash.
3:20 of 1st overtime period - Stopped by Henrik Lundqvist with a rebound.
3:22 of 1st overtime period - Snap shot by Jason Spezza.
3:22 of 1st overtime period - Goal by Jason Spezza - Red Wings : 4 - Rangers : 3.
Goals for this period are 1 for Red Wings vs 0 for Rangers.
Shots for this period are 7 for Red Wings vs 0 for Rangers.
Output by the SimonT Hockey Simulator (STHS) for François Prévost -- Original Page W3C XHTML 1.0 Valid